 Dungeon Sprint DCSS version 0.21-a0-417-g0adc95b (webtiles) character file.

105 Kidiri the Insei (level 4, 0/63 HPs)
             Began as a Draconian Transmuter on Nov 3, 2017.
             Was an Initiate of Wu Jian.
             Slain by a centaur
             ... wielding a cursed -2 shortbow
              (2 damage)
             ... in the Dungeon (Sprint V: "Ziggurat Sprint").
             The game lasted 00:02:17 (266 turns).

Kidiri the Insei (Draconian Transmuter)              Turns: 266, Time: 00:02:18

Health: 0/63       AC:  2    Str: 23    XL:     4   Next: 54%
Magic:  7/9        EV: 22    Int: 14    God:    Wu Jian [......]
Gold:   0          SH:  0    Dex: 23    Spells: 0/10 levels left

rFire    . . .     SeeInvis .     - Unarmed
rCold    . . .     Gourm    .   (shield currently unavailable)
rNeg     . . .     Faith    .   (armour unavailable)
rPois    x         Spirit   .   (helmet currently unavailable)
rElec    .         Reflect  .   (cloak currently unavailable)
rCorr    .         Harm     .   (gloves currently unavailable)
MR       .....     NoTele   +   (boots currently unavailable)
Stlth    ..........             (no amulet)
HPRegen  0.20/turn              y - +6 ring of dexterity
MPRegen  0.11/turn              C - +6 ring of strength

@: berserking, spider-form (expiring), very quick
A: unfitting armour, AC +5
a: End Transformation, Renounce Religion


You were in the Dungeon.
You worshipped Wu Jian.
Wu Jian was noncommittal.
You were not hungry.
You were a venomous arachnid creature.
You visited 1 branch

Inventory:

Missiles
 a - 10 arrows
Armour
 I - the +18 shield of the Gong {rElec rN+ MR+ EV-5}
   (You found it in the Dungeon)

   It affects your evasion (-5).
   It insulates you from electricity.
   It protects you from negative energy.
   It affects your resistance to hostile enchantments.
 J - a +3 buckler (melded)
 K - a +3 large shield
 L - a +3 shield
Jewellery
 y - a +6 ring of dexterity (left front leg)
 z - a +6 ring of dexterity
 A - a +6 ring of intelligence
 B - a +6 ring of intelligence
 C - a +6 ring of strength (right front leg)
 D - a +6 ring of strength
Wands
 E - a wand of disintegration (7/24)
 F - a wand of iceblast (5/15)
 G - a wand of lightning (5/15)
 H - a wand of acid (5/15)
Scrolls
 i - 4 scrolls of blinking
 p - 4 scrolls of amnesia
 q - 3 scrolls of recharging
 r - 7 scrolls of fog
 s - a scroll of holy word
 t - 5 scrolls of identify
 u - 5 scrolls of remove curse
 v - 2 scrolls of fear
Potions
 d - 10 potions of curing
 e - 8 potions of heal wounds
 f - 6 potions of haste
 g - 7 potions of magic
 h - 2 potions of berserk rage
 j - 2 potions of brilliance
 k - 2 potions of invisibility
 l - 4 potions of resistance
 n - 5 potions of agility
 o - 5 potions of might
Books
 b - a book of Changes

   Spells                             Type                      Level
   a - Beastly Appendage              Transmutation                1
   b - Sticks to Snakes               Transmutation                2
   c - Spider Form                    Transmutation/Poison         3
   d - Ice Form                       Ice/Transmutation            4
   e - Blade Hands                    Transmutation                5
Comestibles
 c - 5 bread rations
 m - a chunk of flesh
 w - 42 fruits
 x - 4 meat rations


   Skills:
 * Level 5.0 Fighting
 + Level 3.4 Dodging
 + Level 3.0 Stealth
 + Level 2.9 Shields
 * Level 5.5 Unarmed Combat
 + Level 3.5 Spellcasting
 * Level 5.0 Transmutations
 + Level 0.0 Ice Magic
 + Level 0.0 Poison Magic


You couldn't memorise any spells.
You knew the following spells:

 Your Spells              Type           Power        Failure   Level  Hunger
a - Beastly Appendage     Tmut           ###...       10%         1    #......
b - Sticks to Snakes      Tmut           ###.....     12%         2    ##.....
c - Spider Form           Tmut/Pois      #.........   43%         3    ###....
d - Ice Form              Ice/Tmut       #.......     78%         4    #####..


Dungeon Overview and Level Annotations

Branches:
Dungeon (1/1)

Altars:
Ashenzari
Cheibriados
Dithmenos
Elyvilon
Fedhas
Gozag
Hepliaklqana
Kikubaaqudgha
Makhleb
Nemelex Xobeh
Okawaru
Qazlal
Ru
Sif Muna
Trog
Uskayaw
Vehumet
Wu Jian
Xom
Yredelemnul
Zin
The Shining One
Beogh
Jiyva
Lugonu

Annotations:
D 1 transporter


Innate Abilities, Weirdness & Mutations

((Your plain brown scales are hard. (AC +5)))
You cannot fit into any form of body armour.
((You are cold-blooded and may be slowed by cold attacks.))


Message History

The yaktaur barely misses you.
You see here an arrow.
Unknown command.
The centaur closely misses you. The yaktaur hits you!
Unknown command.
A red film seems to cover your vision as you go berserk!
You feel yourself moving faster!
You feel mighty! The centaur hits you with a shortbow.
The centaur completely misses you. The yaktaur hits you!
The centaur misses you. The centaur hits you with a shortbow!
* * * LOW HITPOINT WARNING * * *
Unknown command.
You hit the yaktaur but do no damage.
The yaktaur is poisoned.
Unknown command.
You bite the yaktaur!
The yaktaur looks as sick as possible!
The yaktaur is moderately wounded.
The centaur hits you with a shortbow!
* * * LOW HITPOINT WARNING * * *
The centaur hits you with a shortbow.
You die...

▓▓▓▓▓▓▓▓▓▓▓▓▓
▓.8©8(▓.8©8.▓
▓.}[cs▓..=..▓
▓...cc▓.....▓
▓....(▓.....▓
▓.....▓.....▓
▓.....▓..©..▓
▓..©..▓▓▓▓▓▓▓
▓▓▓▓▓▓▓


You could see a yaktaur and 2 centaurs.

Vanquished Creatures
  A porcupine (D)
  A jackal (D)
2 creatures vanquished.

Notes
Turn   | Place    | Note
-------+----------+-------------------------------------------
     0 | D        | Found the +6 Majin-Bo {vamp, Archmagi MP+6 Int+6}
     0 | D        | Found the +7 great mace "Firestarter" {inner flame, rF++}
     0 | D        | Kidiri the Draconian Transmuter began the quest for the Orb.
     0 | D        | Reached XP level 1. HP: 16/16 MP: 3/3
     0 | D        | Found a deep blue altar of Sif Muna.
     0 | D        | Found a bloodstained altar of Trog.
     0 | D        | Found a sacrificial altar of Ru.
     0 | D        | Found a stormy altar of Qazlal.
     0 | D        | Found an iron altar of Okawaru.
     1 | D        | Found a sparkling altar of Nemelex Xobeh.
     1 | D        | Found a blossoming altar of Fedhas.
     3 | D        | Found a transporter.
     3 | D        | Found an ancient bone altar of Kikubaaqudgha.
     3 | D        | Found a viscous altar of Jiyva.
     3 | D        | Found a corrupted altar of Lugonu.
     3 | D        | Found a hazy altar of Hepliaklqana.
     3 | D        | Found a burning altar of Makhleb.
     3 | D        | Found an opulent altar of Gozag.
    28 | D        | Found the +9 heavy crossbow "Sniper" {velocity, Acc+∞ SInv}
    28 | D        | Found the +10 dark maul {crush}
    28 | D        | Found the +15 Maxwell's patent armour {-Cast -Tele rElec MR+ rCorr}
    28 | D        | Found the +18 shield of the Gong {rElec rN+ MR+ EV-5}
    28 | D        | Found the cursed +14 obsidian axe {chop, +Fly SInv *Curse}
    54 | D        | Became a worshipper of the Wu Jian Council
    69 | D        | Reached XP level 2. HP: 26/26 MP: 3/5
    73 | D        | Learned a level 2 spell: Sticks to Snakes
    93 | D        | Entered arena 2.
    93 | D        | Noticed a porcupine
    93 | D        | Found a transporter.
   108 | D        | Killed a porcupine
   108 | D        | Reached skill level 5 in Fighting
   108 | D        | Reached skill level 5 in Unarmed Combat
   108 | D        | Reached skill level 5 in Transmutations
   108 | D        | Reached XP level 3. HP: 20/36 MP: 0/8
   108 | D        | Reached XP level 4. HP: 23/42 MP: 0/9
   243 | D        | Learned a level 3 spell: Spider Form
   253 | D        | Learned a level 4 spell: Ice Form
   255 | D        | Entered arena 3.
   255 | D        | Noticed a centaur
   255 | D        | Noticed a centaur
   255 | D        | Noticed a yaktaur
   255 | D        | Found a transporter.
   266 | D        | HP: 2/63 [centaur/shortbow (8)]
   266 | D        | Slain by a centaur

Vault maps used:
D:        sprint_v

Skill      XL: |  1  2 |
---------------+-------+-----
Fighting       | 3 5 |  5.0
Dodging        | 2 3 |  3.4
Stealth        | 2 3 |  3.0
Shields        | 2 |  2.9
Unarmed Combat | 4 5 |  5.5
Transmutations | 3 5 |  5.0
Spellcasting   | 3 |  3.5

Action                   |  1- 3 |  4- 6 || total
-------------------------+-------+-------++-------
Melee: Unarmed           |     6 |     2 ||     8
       Kick              |     1 |       ||     1
       Tailslap          |     1 |       ||     1
 Cast: Sticks to Snakes  |     2 |       ||     2
       Beastly Appendage |     1 |       ||     1
       Spider Form       |       |     1 ||     1
  Use: Potion            |     3 |     1 ||     4
Armor: Skin              |     2 |       ||     2
Dodge: Dodged            |     4 |    11 ||    15

Table legend:
 A = Spawn XP
 B = Non-spawn XP
 C = Spawn XP percentage of total XP
 D = Spawn monster count
 E = Non-spawn monster count
 F = Spawn count percentage of total count
 G = Total turns spent on level
                    A         B        C        D         E        F      G
               +---------+---------+-------+---------+---------+-------+---------
         Total |       0 |     139 |   0.0 |       0 |       2 |   0.0 |   266
               +---------+---------+-------+---------+---------+-------+---------
             D |       0 |     139 |   0.0 |       0 |       2 |   0.0 |   266
               +---------+---------+-------+---------+---------+-------+---------
